 Dungeon Crawl Stone Soup version 0.29-a0-825-g72347fce65 (console) character file.

Game seed: 6612426459763687041

4728 CannotBeFrozen the Carver (level 10, -1/73 HPs)
             Began as a Demigod Warper on July 11, 2022.
             Slain by a slime creature (11 damage)
             ... on level 8 of the Dungeon.
             The game lasted 00:42:52 (12386 turns).

CannotBeFrozen the Carver (Demigod Warper)         Turns: 12386, Time: 00:42:53

Health: -1/73      AC: 10    Str: 22    XL:     10   Next: 2%
Magic:  17/19      EV: 12    Int: 19    God:
Gold:   526        SH:  0    Dex: 17    Spells: 6/17 levels left

rFire   . . .      SeeInvis .   b - +5 great sword
rCold   . . .      Faith    .   (shield currently unavailable)
rNeg    . . .      Spirit   .   E - +0 steam dragon scales
rPois   .          Reflect  .   q - +0 helmet
rElec   .          Harm     .   I - +2 cloak {Stlth+}
rCorr   .          Rampage  .   (no gloves)
Will    ++...                   j - +0 pair of boots
Stlth   +++.......              (no amulet)
HPRegen 0.22/turn               w - ring of willpower
MPRegen 0.16/turn               o - +6 ring of strength

@: very slightly contaminated
A: high MP 1, forlorn, divine attributes
a: no special abilities


You were on level 8 of the Dungeon.
You visited 1 branch of the dungeon, and saw 8 of its levels.

You collected 526 gold pieces.

Inventory:

Hand Weapons
 a - a +6 short sword of venom
 b - a +5 great sword (weapon)
 D - a +2 war axe of flaming
Missiles
 d - 7 boomerangs of dispersal {=f=F}
 e - 2 curare-tipped darts {=f=F}
 p - 13 boomerangs
 B - 2 poisoned darts (quivered)
Armour
 g - a +0 ring mail
 j - a +0 pair of boots (worn)
 q - a +0 helmet (worn)
 E - +0 steam dragon scales (worn)
 I - a +2 cloak of stealth (worn)
Jewellery
 f - a ring of flight
 o - a +6 ring of strength (right hand)
 r - an amulet of guardian spirit
 w - a ring of willpower (left hand)
 z - a ring of magical power
Wands
 n - a wand of polymorph (9)
 C - a wand of light (8)
 J - a wand of flame (26)
Scrolls
 l - 2 scrolls of fear
 m - 2 scrolls of fog
 s - a scroll of blinking
 v - 4 scrolls of magic mapping
 y - 2 scrolls of teleportation {@r2}
Potions
 c - 3 potions of might
 h - 2 potions of ambrosia
 i - 5 potions of curing {@q1}
 k - a potion of magic
 t - 5 potions of heal wounds {@q2}
 u - a potion of attraction
 x - a potion of brilliance
 A - a potion of flight {unknown}
 F - 3 potions of berserk rage {unknown}
 G - a potion of invisibility {unknown}
 H - a potion of haste {unknown}


   Skills:
 - Level 2.0 Fighting
 - Level 11.0 Long Blades
 - Level 0.8 Throwing
 - Level 2.0 Armour
 - Level 2.0 Dodging
 - Level 4.0 Spellcasting
 + Level 7.3 Translocations
 - Level 2.2 Evocations


You had 6 spell levels left.
You knew the following spells:

 Your Spells              Type           Power      Damage    Failure   Level
b - Lesser Beckoning      Tloc           31%        N/A       1%          3
g - Gell's Gravitas       Tloc           31%        N/A       1%          3
t - Teleport Other        Tloc           31%        N/A       1%          3
z - Blink                 Tloc           62%        N/A       1%          2

Your spell library contained the following spells:

 Spells                   Type           Power      Damage    Failure   Level
 Summon Small Mammal      Summ           12%        N/A       14%         1
 Manifold Assault         Tloc           31%        N/A       19%         5
 Sublimation of Blood     Necr           3%         N/A       21%         2
 Call Canine Familiar     Summ           3%         N/A       38%         3
 Conjure Flame            Conj/Fire      3%         6-21      38%         3
 Ignite Poison            Fire/Tmut/Pois 3%         N/A       38%         3
 Inner Flame              Hex/Fire       3%         N/A       38%         3
 Summon Guardian Golem    Hex/Summ       3%         N/A       38%         3
 Anguish                  Hex/Necr       1%         N/A       80%         4
 Animate Dead             Necr           3%         N/A       80%         4
 Cause Fear               Hex            1%         N/A       80%         4
 Petrify                  Tmut/Erth      3%         N/A       80%         4
 Sticky Flame             Conj/Fire      3%         2d3       80%         4
 Borgnjor's Vile Clutch   Necr/Erth      1%         N/A       98%         5
 Irradiate                Conj/Tmut      1%         3d13      98%         5
 Death Channel            Necr           1%         N/A       100%        6
 Enfeeble                 Hex            1%         N/A       100%        7
 Discord                  Hex            1%         N/A       100%        8


Dungeon Overview and Level Annotations

Branches:
Dungeon (8/15)             Temple (0/1) D:4
   Lair: D:8-11

Shops:
D:8 (


Innate Abilities, Weirdness & Mutations

You have an increased reservoir of magic. (+10% MP)
You shall have no god before yourself.
Your divine heritage dramatically boosts your attributes as you level up.


Message History

b - a +5 great sword (weapon)
The slime creature quivers.
You hit the slime creature.
The slime creature is lightly wounded.
The slime creature looks more healthy.
The slime creature hits you.
The slime creature completely misses you.
HP: 67/73 (-6) ===========- You slash the slime creature!
The slime creature is moderately wounded.
The slime creature hits you!
HP: 58/73 (-9) =========--- !
You completely miss the slime creature.
The slime creature is moderately wounded.
The slime creature hits you.
HP: 54/73 (-4) ========---- You slice the slime creature!!
The slime creature is severely wounded.
The slime creature misses you.
You barely miss the slime creature.
The slime creature is severely wounded.
The slime creature hits you!
HP: 41/73 (-13) ======------ !
You hit the slime creature.
The slime creature is severely wounded.
The slime creature misses you. The slime creature hits you!
* * * LOW HITPOINT WARNING * * *
HP: 26/73 (-15) ====-------- !!
You hit the slime creature.
The slime creature is severely wounded.
The slime creature hits you!
* * * LOW HITPOINT WARNING * * *
The slime creature hits you.
* * * LOW HITPOINT WARNING * * *
HP: 10/73 (-16) =----------- !!
Casting: Lesser Beckoning (safe; 1% risk of failure)
Confirm with . or Enter, or press ? or * to list all spells.
You miscast Blink.
You are very lightly contaminated with residual magic.
Nothing appears to happen.
The slime creature hits you!
You die...

.......................####### ..
#...........(.............## #......### ._.
###...........#............# #........## .⌠.⌠
##.............#............# ### #####........##..⌠
##.........(...#.............# #.####...##........##.
+#.........(....#..[.........## ...##....#.......#..##
##..#......(...#.............###
....#........<...#...###.............[#...............##
#..................#..#........(......#................#
#.>................[#.#.......(........................##
##.........)....#...........@J..#.............#..........
##............(##.###.......J###............##........##
##.............#.###.........##.............#........##
##.............##..####.......###...................##.#
#...................#######.....#.............#..#....<.
##...........................................##..#...#.#
##....##................##.........##...............###
#.....#.....†............#..........................##
###....#)...............##.............................##
.....###.....#.......####....##.............####).......#
≈.≈...#.....##....##.## ##.#........######...# #.......##


You could see 2 slime creatures.

Vanquished Creatures
  Maggie (D:6)
  2 slime creatures
  Grinder (D:6)
  Sigmund (D:6)
  Menkaure (D:6)
  Duvessa (D:7)
  2 sky beasts
  4 ice beasts
  7 black bears
  An ogre (D:6)
  A centaur (D:7)
  2 phantoms
  A kobold brigand (D:7)
  2 gnoll sergeants (D:7)
  3 bullfrogs
  6 wights
  Dowan (D:7)
  4 killer bees (D:8)
  8 jellies
  Crazy Yiuf (D:2)
  5 iguanas
  3 orc wizards (D:6)
  Natasha (thrice) (D:2)
  13 gnolls
  6 adders
  A shadow imp (D:6)
  3 white imps
  2 ufetubi
  2 worms
  3 dart slugs
  23 orcs
  7 bats
  8 endoplasms
  2 giant cockroaches
  14 goblins
  21 hobgoblins
  10 jackals (D:1)
  8 quokkas
  5 ball pythons
  4 frilled lizards
  9 kobolds
  5 rats
207 creatures vanquished.

Vanquished Creatures (collateral kills)
  A shadow (D:5)
  An iguana (D:5)
2 creatures vanquished.

Vanquished Creatures (others)
  6 plants (D:7)
  2 withered plants (D:7)
8 creatures vanquished.

Grand Total: 217 creatures vanquished

Notes
Turn   | Place    | Note
-------+----------+-------------------------------------------
     0 | D:1      | CannotBeFrozen the Demigod Warper began the quest for the
                  | Orb.
     0 | D:1      | Reached XP level 1. HP: 17/17 MP: 5/5
    76 | D:1      | Reached skill level 2 in Long Blades
   108 | D:1      | Reached XP level 2. HP: 8/24 MP: 7/7
   600 | D:1      | Reached skill level 3 in Long Blades
   725 | D:1      | Learned a level 2 spell: Blink
   919 | D:1      | Reached XP level 3. HP: 16/29 MP: 8/8
  1979 | D:2      | Reached skill level 1 in Armour
  2008 | D:2      | Noticed Natasha
  2021 | D:2      | Killed Natasha
  2428 | D:2      | Reached XP level 4. HP: 27/36 MP: 9/9
  2434 | D:2      | Noticed Natasha
  2447 | D:2      | Killed Natasha
  2448 | D:2      | Reached skill level 4 in Long Blades
  3204 | D:2      | Noticed Natasha
  3218 | D:2      | Killed Natasha
  3686 | D:2      | Noticed Robin
  3688 | D:2      | Noticed Robin
  3688 | D:2      | Robin changed into Robin the jelly
  3696 | D:2      | Killed Robin the jelly
  3697 | D:2      | Reached XP level 5. HP: 31/41 MP: 10/10
  3925 | D:2      | Found a runed translucent door.
  3926 | D:2      | Noticed Crazy Yiuf
  4134 | D:2      | Killed Crazy Yiuf
  4885 | D:3      | Reached skill level 5 in Long Blades
  5606 | D:4      | Reached XP level 6. HP: 48/48 MP: 11/11
  5643 | D:4      | Found a staircase to the Ecumenical Temple.
  6104 | D:4      | Learned a level 3 spell: Teleport Other
  6108 | D:4      | Learned a level 3 spell: Lesser Beckoning
  6115 | D:5      | Entered Level 5 of the Dungeon
  6250 | D:5      | Noticed a shadow
  6268 | D:5      | Killed a shadow
  6269 | D:5      | Reached skill level 6 in Long Blades
  6269 | D:5      | Reached XP level 7. HP: 48/55 MP: 13/13
  6331 | D:5      | Reached skill level 5 in Translocations
  6340 | D:5      | Reached skill level 7 in Long Blades
  7578 | D:6      | Reached XP level 8. HP: 37/61 MP: 14/14
  7744 | D:6      | Noticed Sigmund
  7778 | D:6      | Killed Sigmund
  7779 | D:6      | Reached skill level 8 in Long Blades
  8031 | D:6      | Reached skill level 9 in Long Blades
  8227 | D:6      | Noticed Menkaure
  8238 | D:6      | Killed Menkaure
  9001 | D:6      | Reached skill level 10 in Long Blades
  9082 | D:6      | Noticed Grinder
  9165 | D:6      | Killed Grinder
  9166 | D:6      | Reached XP level 9. HP: 49/67 MP: 15/15
  9305 | D:6      | Noticed Maggie
  9318 | D:6      | Killed Maggie
  9319 | D:6      | Reached skill level 11 in Long Blades
  9455 | D:6      | Learned a level 3 spell: Gell's Gravitas
  9916 | D:7      | Identified the +3 flail of the Butterfly {vorpal, Int+4
                  | Dex+4}
 10065 | D:7      | Noticed Dowan
 10067 | D:7      | Noticed Duvessa
 10266 | D:7      | Killed Duvessa
 10280 | D:7      | Killed Dowan
 10905 | D:7      | Reached skill level 1 in Evocations
 10974 | D:7      | Identified the +7 quarterstaff "Zirue" {spect, rF+}
 12178 | D:8      | Reached XP level 10. HP: 73/73 MP: 19/19
 12313 | D:8      | Found Umnuang's Weapon Boutique.
 12386 | D:8      | Slain by a slime creature

Illustrated notes

Levels and vault maps discovered:
D:1:      matt_arrival_refuge, layout_loops_ring, ebering_ecumenical_altar_hall,
          chequers_serial_rivers_small_a
D:2:      cheibrodos_greedy_goblins, layout_basic, uniq_natasha,
          uniq_crazy_yiuf_cottage, uniq_robin
D:3:      layout_rooms, mainiacjoe_overflow_alcove_4,
          mainiacjoe_overflow_cross_hatched, chequers_serial_rivers_micro_d
D:4:      kennysheep_big_flooded_room, layout_rooms, minmay_temple_entry_tees,
          nicolae_concentric_dashed_squares_wild
D:5:      wander_river, layout_cave_pools, nicolae_qazlal_eye_of_the_storm,
          mainiacjoe_overflow_two_lobes
D:6:      layout_rooms, minmay_misc_feat_roman, minmay_misc_feat_square,
          hex_medium, uniq_grinder, uniq_maggie, uniq_sigmund, uniq_menkaure
D:7:      layout_basic, yredelemnul_altar_generic, general_overflow_altar,
          serial_bayou_crossing, uniq_duvessa
D:8:      layout_cave_pools, tso_metal_star, serial_shops,
          nicolae_shop_waterfront, uniq_joseph, uniq_pikel

Skill      XL: |  1  2  3  4  5  6  7  8  9 |
---------------+----------------------------+-----
Long Blades    | 2 3 4 5 6 7 10 11 | 11.0
Armour         | 1 2 |  2.0
Dodging        | 2 |  2.0
Spellcasting   | 2 4 |  4.0
Fighting       | 2 |  2.0
Translocations | 3 4 5 7 |  7.3
Evocations     | 2 |  2.2
Throwing       | |  0.8

Action                   |  1- 3 |  4- 6 |  7- 9 | 10-12 || total
-------------------------+-------+-------+-------+-------++-------
Melee: Falchion          |   166 |   114 |       |       ||   280
       Punch             |       |     5 |     4 |       ||     9
       Short sword       |       |   138 |   294 |     9 ||   441
       Great sword       |       |       |    18 |     7 ||    25
Throw: Stone             |     4 |     7 |    44 |       ||    55
       Dart              |       |       |     4 |     9 ||    13
       Boomerang         |       |       |     2 |       ||     2
 Cast: Blink             |       |     3 |     5 |       ||     8
       Lesser Beckoning  |       |       |     3 |       ||     3
Evoke: Wand              |       |     1 |     2 |       ||     3
  Use: Scroll            |     2 |    10 |     4 |       ||    16
       Potion            |       |       |     3 |       ||     3
 Stab: Sleeping          |     1 |       |     2 |       ||     3
       Invisible         |       |       |     1 |       ||     1
Armor: Leather armour    |    33 |       |       |       ||    33
       Ring mail         |    45 |    99 |    59 |       ||   203
       Steam dragon scal |       |       |    44 |     3 ||    47
Dodge: Dodged            |   130 |   129 |   162 |    12 ||   433

Table legend: (Time is in decaauts)
 A = Elapsed time spent in this place.
 B = Non-inter-level travel time spent in this place.
 C = Inter-level travel time spent in this place.
 D = Time resting spent in this place.
 E = Time spent auto-exploring this place.
 F = Levels seen in this place.
 G = Mean time per level.
                   A        B        C        D        E       F      G
               +--------+--------+--------+--------+--------+-----+--------+
         Total |  12396 |  12089 |    307 |   4660 |   4136 |   8 | 1549.5 |
       Dungeon |  12396 |  12089 |    307 |   4660 |   4136 |   8 | 1549.5 |
               +--------+--------+--------+--------+--------+-----+--------+

Top non-repeatable levels by time:
     D:2: 2603 daAuts
     D:6: 2236 daAuts
     D:1: 1934 daAuts
     D:7: 1810 daAuts
     D:5: 1213 daAuts
     D:3: 1057 daAuts
     D:4: 901 daAuts
     D:8: 638 daAuts
